 Dungeon Crawl Stone Soup version 0.28.0-62-gf88900778d (webtiles) character file.

Game seed: 96960658170538012

2467 cbfl8 the Cleaver (level 9, -4/78 HPs)
             Began as a Minotaur Fighter on Mar 9, 2024.
             Was an Initiate of Hepliaklqana.
             Killed by divine providence
             ... invoked by an orc priest
              (13 damage)
             ... on level 7 of the Dungeon.
             The game lasted 00:05:53 (6930 turns).

cbfl8 the Cleaver (Minotaur Fighter)                Turns: 6930, Time: 00:05:54

Health: -4/78      AC: 13    Str: 28    XL:     9   Next: 26%
Magic:  8/8        EV:  8    Int:  5    God:    Hepliaklqana [......]
Gold:   127        SH:  5    Dex: 13    Spells: 8/8 levels left

rFire   . . .      SeeInvis .   a - +0 war axe
rCold   + + .      Faith    .   c - +0 buckler
rNeg    . . .      Spirit   .   r - +1 chain mail {rC+}
rPois   .          Reflect  .   (helmet restricted)
rElec   .          Harm     .   (no cloak)
rCorr   .          Rampage  .   (no gloves)
Will    .....                   q - +0 pair of boots
Stlth   ..........              f - amulet of the acrobat
HPRegen 0.23/turn               u - +6 ring of strength
MPRegen 0.11/turn               w - ring of protection from cold

@: no status effects
A: horns 2, retaliatory headbutt
a: Renounce Religion


You were on level 7 of the Dungeon.
You worshipped Hepliaklqana.
Hepliaklqana was noncommittal.
You visited 2 branches of the dungeon, and saw 8 of its levels.
You also visited: Ossuary.

You collected 257 gold pieces.
You spent 130 gold pieces at shops.

Inventory:

Hand Weapons
 a - a +0 war axe (weapon)
Missiles
 j - a throwing net
Armour
 c - a +0 buckler (worn)
 q - a +0 pair of boots (worn)
 r - a +1 chain mail of cold resistance (worn)
Jewellery
 f - an amulet of the acrobat (around neck)
 u - a +6 ring of strength (left hand)
 w - a ring of protection from cold (right hand)
Wands
 y - a wand of iceblast (6) (quivered)
Scrolls
 h - 3 scrolls of brand weapon
 l - 4 scrolls of teleportation
 n - a scroll of silence
 p - a scroll of enchant armour
 s - a scroll of fog
Potions
 d - 3 potions of might
 g - 3 potions of mutation {unknown}
 i - a potion of ambrosia {unknown}
 k - a potion of heal wounds {unknown}
 m - a potion of lignification {unknown}
 o - a potion of brilliance {unknown}
 t - 2 potions of curing
 v - 2 potions of magic {unknown}
 x - a potion of flight {unknown}


   Skills:
 + Level 6.6 Fighting
 + Level 9.8 Axes
 + Level 7.5 Armour
 + Level 5.2 Shields
 * Level 5.0 Evocations


You had 8 spell levels left.
You didn't know any spells.
Your spell library contained the following spells:

 Spells                   Type           Power      Damage    Failure   Level
 Summon Small Mammal      Summ           0%         N/A       97%         1
 Ensorcelled Hibernation  Hex/Ice        0%         N/A       99%         2
 Call Canine Familiar     Summ           0%         N/A       100%        3
 Summon Guardian Golem    Hex/Summ       0%         N/A       100%        3
 Tukima's Dance           Hex            0%         N/A       100%        3
 Anguish                  Hex/Necr       0%         N/A       100%        4
 Petrify                  Tmut/Erth      0%         N/A       100%        4
 Lee's Rapid Deconstruct  Erth           0%         3d5*      100%        5
 Enfeeble                 Hex            0%         N/A       100%        7
 Discord                  Hex            0%         N/A       100%        8


Dungeon Overview and Level Annotations

Branches:
Dungeon (7/15)             Temple (1/1) D:6         Ossuary (visited)

Altars:
Ashenzari
Cheibriados
Dithmenos
Elyvilon
Fedhas
Gozag
Hepliaklqana
Kikubaaqudgha
Makhleb
Nemelex Xobeh
Okawaru
Qazlal
Ru
Sif Muna
Trog
Uskayaw
Vehumet
Wu Jian
Xom
Yredelemnul
Zin
The Shining One

Shops:
D:5 *

Annotations:
D:2 1 runed translucent door, Crazy Yiuf
D:7 Prince Ribbit


Innate Abilities, Weirdness & Mutations

You have a pair of horns on your head.
You reflexively headbutt those who attack you in melee.


Message History

Your Evocations skill increases to level 5!
Unknown command.
You barely miss Prince Ribbit.
Prince Ribbit is heavily wounded.
Prince Ribbit closely misses you.
An orc priest comes into view. It is wielding a +0 dagger.
Unknown command.
You closely miss Prince Ribbit. You headbutt Prince Ribbit!
Prince Ribbit is almost dead.
Prince Ribbit hits you! x2
Unknown command.
You hit Prince Ribbit. Your headbutt misses Prince Ribbit.
Prince Ribbit is almost dead.
Prince Ribbit hits you! Prince Ribbit barely misses you.
You furiously retaliate!
You headbutt Prince Ribbit.
Unknown command.
You are too injured to fight recklessly!
Unknown command.
You are too injured to fight recklessly!
You miss Prince Ribbit. Your headbutt misses Prince Ribbit.
Prince Ribbit is almost dead.
You hit the orc priest. Prince Ribbit hits you!
* * * LOW HITPOINT WARNING * * *
The orc priest hits you with a +0 dagger.
* * * LOW HITPOINT WARNING * * *
You closely miss Prince Ribbit.
Prince Ribbit is almost dead.
You hit the orc priest. You block Prince Ribbit's attack.
The orc priest mumbles some strange prayers to Beogh against you.
Beogh smites you!
* * * LOW HITPOINT WARNING * * *
Aiming: Iceblast
Press: ? - help, Q - select action, (/) - cycle Shift-Dir - straight line
Okay, then.
Blink to where?
Press: ? - help, Dir - move target
As you read the scroll of blinking, it crumbles to dust.
The orc priest invokes the aid of Beogh against you.
Beogh smites you!
You die...

..##.......... #
.....#.#.... .##.
#........#
....##...#... #
....?..))# .#
........####.###
.####.#..........##
...........)Fo....#
###....@#####.......
............#.....##
...................#
..#.........#....#..
. #.....)...#.##..##
#..###..#....##...
#.# #..##.....###.
... #<## ....... .?
#.# ...(...


You could see Prince Ribbit and an orc priest.

Vanquished Creatures
  Pikel (D:6)
  Sigmund (D:6)
  Menkaure (D:4)
  Edmund (D:4)
  An orc warrior (D:5)
  2 ogres
  A black bear (D:5)
  A necrophage (D:4)
  A centaur (D:7)
  Blork the orc (D:4)
  A scorpion (D:6)
  5 killer bees
  A howler monkey (D:7)
  A bullfrog zombie (D:5)
  4 hounds
  A jelly (D:6)
  An orc priest (D:5)
  2 iguanas (D:6)
  2 centaur skeletons
  Jessica (D:2)
  6 orc wizards
  Terence (D:2)
  A mummy (Ossuary)
  A howler monkey zombie (D:5)
  3 adders
  A shadow imp (D:6)
  A white imp (D:6)
  An adder skeleton (D:4)
  3 dart slugs
  3 worms
  16 orcs
  3 spectral bats (Ossuary)
  5 ball pythons
  7 endoplasms
  3 giant cockroaches
  5 goblins
  5 hobgoblins
  6 quokkas
  3 bats (D:3)
  3 bat simulacra (Ossuary)
  3 frilled lizards
  12 gnoll zombies (Ossuary)
  2 goblin simulacra (Ossuary)
  5 goblin zombies (Ossuary)
  4 hobgoblin zombies (Ossuary)
  5 kobolds
  5 kobold simulacra (Ossuary)
  3 kobold zombies (Ossuary)
  6 orc zombies (Ossuary)
  6 rats
  3 rat simulacra (Ossuary)
  A spectral goblin (Ossuary)
  4 spectral kobolds (Ossuary)
  2 spectral rats (Ossuary)
168 creatures vanquished.

Notes
Turn   | Place    | Note
-------+----------+-------------------------------------------
     0 | D:1      | cbfl8 the Minotaur Fighter began the quest for the Orb.
     0 | D:1      | Reached XP level 1. HP: 19/19 MP: 0/0
   392 | D:1      | Reached XP level 2. HP: 27/27 MP: 1/1
   762 | D:2      | Found a glowing silver altar of Zin.
   763 | D:2      | Got Sif Muna's Compendium of Clay and Enchantment
   815 | D:2      | Reached XP level 3. HP: 33/33 MP: 2/2
   834 | D:2      | Noticed Jessica
   840 | D:2      | Killed Jessica
   841 | D:2      | Reached skill level 3 in Axes
   841 | D:2      | Reached skill level 1 in Evocations
   874 | D:2      | Noticed Terence
   881 | D:2      | Killed Terence
   882 | D:2      | Reached XP level 4. HP: 25/40 MP: 3/3
  1391 | D:2      | Found a runed translucent door.
  1392 | D:2      | Noticed Crazy Yiuf
  1417 | D:2      | Found a faded altar of an unknown god.
  2332 | D:4      | Reached skill level 4 in Axes
  2332 | D:4      | Reached XP level 5. HP: 42/46 MP: 4/4
  2393 | D:4      | Noticed Edmund
  2400 | D:4      | Noticed an ogre
  2403 | D:4      | Killed Edmund
  2404 | D:4      | Reached skill level 5 in Axes
  2404 | D:4      | Reached XP level 6. HP: 38/53 MP: 5/5
  2409 | D:4      | Reached skill level 5 in Armour
  2575 | D:4      | Reached skill level 6 in Axes
  2621 | D:4      | Noticed Blork the orc
  2628 | D:4      | Killed Blork the orc
  2629 | D:4      | Reached XP level 7. HP: 54/60 MP: 6/6
  2634 | D:4      | Noticed Menkaure
  2642 | D:4      | Killed Menkaure
  3042 | D:5      | Entered Level 5 of the Dungeon
  3092 | D:5      | Reached skill level 5 in Fighting
  3092 | D:5      | Reached skill level 7 in Axes
  3117 | D:5      | Found a basalt altar of Yredelemnul.
  3146 | D:5      | Identified the +1 trident of Beogh's Regard {vorpal, rElec
                  | rPois Dex+2 Stlth-}
  3155 | D:5      | Found Ilopeec's General Store.
  3163 | D:5      | Bought 2 potions of might for 104 gold pieces
  3163 | D:5      | Bought a scroll of identify for 26 gold pieces
  3436 | D:5      | Reached XP level 8. HP: 58/68 MP: 7/7
  4274 | D:6      | Reached skill level 8 in Axes
  4274 | D:6      | Reached skill level 5 in Shields
  4284 | D:6      | Found a sand-covered staircase.
  4284 | D:6      | Noticed Sigmund
  4298 | D:6      | Killed Sigmund
  4302 | Ossuary  | Entered an ossuary
  4930 | D:6      | Found a staircase to the Ecumenical Temple.
  4958 | Temple   | Entered the Ecumenical Temple
  5125 | Temple   | Became a worshipper of Hepliaklqana the Forgotten
  5659 | D:6      | Noticed Pikel
  5670 | D:6      | HP: 3/70 [Pikel/+1 whip of electrocution (15)]
  5677 | D:6      | Killed Pikel
  5678 | D:6      | Reached skill level 9 in Axes
  5678 | D:6      | Reached XP level 9. HP: 5/77 MP: 8/8
  6912 | D:7      | Noticed Prince Ribbit
  6925 | D:7      | Reached skill level 5 in Evocations
  6930 | D:7      | Killed from afar by an orc priest

Illustrated notes

Levels and vault maps discovered:
D:1:      heliophobic_arrival_ceremonial_halls, layout_loops_ring
D:2:      layout_basic, hellmonk_ecumenical_altar_leap_of_faith, basic_altar,
          uniq_jessica, uniq_terence, uniq_crazy_yiuf_cottage
D:3:      layout_loops_cross
D:4:      layout_basic, st_stairs_12, uniq_menkaure, uniq_blork_the_orc,
          uniq_edmund
D:5:      layout_basic, mainiacjoe_overflow_paths, serial_shops, shop,
          guppyfry_early_orc_mine
D:6:      layout_loops_corners, minmay_temple_entry_statues_pillars,
          enter_ossuary_5, uniq_sigmund, uniq_pikel
D:7:      layout_rooms, serial_shops, nicolae_shop_trees, uniq_joseph,
          uniq_prince_ribbit1
Temple:   minmay_crystal_snake_temple

Skill      XL: |  1  2  3  4  5  6  7  8  9 |
---------------+----------------------------+-----
Fighting       | 4 5 6 |  6.6
Armour         | 4 5 6 7 |  7.5
Shields        | 4 5 |  5.2
Axes           | 3 4 5 6 7 9 |  9.8
Evocations     | 1 2 3 4 5 |  5.0

Action                   |  1- 3 |  4- 6 |  7- 9 || total
-------------------------+-------+-------+-------++-------
Melee: War axe           |    45 |    75 |   255 ||   375
       Headbutt          |     2 |    10 |    47 ||    59
Evoke: Wand              |       |       |     1 ||     1
  Use: Potion            |       |     1 |     2 ||     3
       Scroll            |       |       |    13 ||    13
Armor: Scale mail        |    12 |     1 |       ||    13
       Chain mail        |       |    42 |   130 ||   172
Dodge: Dodged            |    13 |    35 |   102 ||   150
Block: Buckler           |    16 |    16 |    49 ||    81
